 Dungeon Crawl Stone Soup version 0.27.0-65-ge2af304b15 (webtiles) character file.

Game seed: 3151323192658377799

249 VictoriousLee the Caller (level 5, -9/21 HPs)
             Began as a Felid Summoner on Aug 18, 2021.
             Shot with an arrow by a centaur (10 damage)
             ... on level 5 of the Dungeon.
             The game lasted 00:43:55 (7033 turns).

VictoriousLee the Caller (Felid Summoner)           Turns: 7033, Time: 00:43:56

Health: -9/21      AC:  2    Str:  4    XL:     5   Next: 86%
Magic:  3/10       EV: 18    Int: 19    God:
Gold:   199        SH:  5    Dex: 24    Spells: 0/10 levels left
                                        Lives:  0   Deaths: 1

rFire    . . .     SeeInvis +     - Unarmed
rCold    . . .     Faith    .   (shield unavailable)
rNeg     . . .     Spirit   .   (armour unavailable)
rPois    .         Reflect  +   (helmet unavailable)
rElec    .         Harm     .   (cloak unavailable)
rCorr    .         Rampage  .   (gloves unavailable)
Will     .....                  (boots unavailable)
Stlth    +++.......             e - amulet of reflection
HPRegen  0.07/turn              k - +6 ring of dexterity
MPRegen  0.12/turn              (no ring)

@: quick
A: very small, claws 1, fangs 3, see invisible, speed 1, shaggy fur 2, stealthy
paws, no weapons or thrown items, no armour, multi-lived, agile 1
a: no special abilities


You were on level 5 of the Dungeon.
You visited 1 branch of the dungeon, and saw 5 of its levels.

You collected 199 gold pieces.

Inventory:

Missiles
 d - 89 arrows
Jewellery
 e - an amulet of reflection (around neck)
 j - an amulet of magic regeneration
 k - a +6 ring of dexterity (left paw)
Wands
 a - a wand of mindburst (14)
Scrolls
 b - a scroll of acquirement
 f - a scroll of vulnerability {unknown}
 h - 2 scrolls of enchant weapon {unknown}
 i - a scroll of fog {unknown}
Potions
 c - a potion of cancellation
 g - a potion of brilliance
 m - a potion of attraction {unknown}
 n - a potion of haste {unknown}


   Skills:
 - Level 2.6 Dodging
 - Level 4.4 Stealth
 - Level 1.0 Unarmed Combat
 - Level 3.0 Spellcasting
 - Level 5.4 Summonings
 + Level 4.0 Air Magic


You couldn't memorise any spells.
You knew the following spells:

 Your Spells              Type           Power      Damage    Failure   Level
a - Call Imp              Summ           23%        N/A       2%          2
b - Summon Small Mammal   Summ           92%        N/A       1%          1
c - Summon Lightning Spi  Summ/Air       20%        N/A       22%         4
d - Call Canine Familiar  Summ           23%        N/A       4%          3

Your spell library contained the following spells:

 Spells                   Type           Power      Damage    Failure   Level
 Summon Guardian Golem    Hex/Summ       13%        N/A       16%         3


Dungeon Overview and Level Annotations

Branches:
Dungeon (5/15)
 Temple: D:4-7

Altars:
Kikubaaqudgha


Innate Abilities, Weirdness & Mutations

You have sharp claws.
You have razor-sharp teeth.
You have supernaturally acute eyesight. (SInv)
You cover ground quickly. (Speed+)
You are covered in thick fur. (AC +2)
Your paws help you pounce on unaware monsters.
You are incapable of wielding weapons or throwing items.
You cannot wear armour.
You gain extra lives every three experience levels.
You are agile. (Dex +2)


Message History

t - Meow!
Orders for allies: a - Attack new target. r - Retreat! s - Stop attacking. g - Guard the area. f - Follow me.
Anything else - Cancel.
Gang up on whom?
Press: ? - help, Dir - move target, f - centaur
Aim: a centaur, quivering arrows (ally target) Attack!
The centaur wields a +0 shortbow.
The centaur shoots an arrow.
The arrow hits your crimson imp.
Your crimson imp hits the centaur.
The centaur shoots an arrow.
The arrow misses your crimson imp. The arrow hits your hound!
The centaur unwields a +0 shortbow.
The centaur closely misses your hound.
The centaur kicks your hound but does no damage.
Your crimson imp disappears in a puff of smoke!
Your hound bites the centaur.
The centaur wields a +0 shortbow.
The centaur shoots an arrow.
The arrow hits your hound!
Your hound dies!
Your hound's corpse disappears in a puff of smoke!
The centaur shoots an arrow.
The arrow closely misses your white imp.
The arrow completely misses your white imp.
The arrow closely misses you.
The centaur shoots an arrow.
The arrow hits your white imp!
Your white imp dies!
The centaur shoots an arrow.
The arrow barely misses your white imp. The arrow hits you!
* * * LOW HITPOINT WARNING * * *
The centaur unwields a +0 shortbow.
The centaur hits your white imp but does no damage.
The centaur kicks your white imp but does no damage.
Your white imp hits the centaur but does no damage.
The centaur wields a +0 shortbow.
The centaur shoots an arrow.
The arrow closely misses your white imp.
The arrow barely misses you.
Your white imp hits the centaur.
Your white imp freezes the centaur.
The centaur shoots an arrow.
The arrow hits your white imp.
The centaur wields a +0 shortbow.
The centaur shoots an arrow.
The arrow hits you!
You die...

##.##.#.#.#.###..#....#
#.#.#...# #c.#....# #
#.##..# #..#....#
#.##..# #..#....#
#.....###..##.###
............#.######
##.#.................
...........^.........
##.#...@.#.##.####### #
#..#.........
.............##.
.........#.#### ..
.........#.# .
...####..#.# ### #...
#.#.


You could see a centaur.

Vanquished Creatures
  An iguana (D:5)
  An adder skeleton (D:4)
  4 orcs
  2 bats (D:3)
  2 endoplasms
  A giant cockroach (D:3)
  2 goblins
  2 hobgoblins
  A jackal (D:1)
  4 kobolds
  2 quokkas
  A ball python (D:1)
  A frilled lizard (D:1)
  A rat (D:3)
25 creatures vanquished.

Vanquished Creatures (collateral kills)
  A black bear (D:4)
  A necrophage (D:4)
  Blork the orc (D:4)
  A scorpion (D:4)
  2 killer bees (D:4)
  A hound (D:3)
  A bullfrog skeleton (D:5)
  An orc priest (D:5)
  2 orc wizards
  An iguana (D:5)
  Robin (D:2)
  4 gnolls (D:3)
  4 adders
  A worm (D:2)
  2 dart slugs (D:4)
  6 orcs
  3 endoplasms
  9 goblins
  6 hobgoblins
  4 jackals
  A quokka (D:3)
  3 ball pythons
  A bat (D:3)
  2 frilled lizards
  2 kobolds (D:1)
  3 rats
64 creatures vanquished.

Vanquished Creatures (others)
  A killer bee (D:5)
1 creature vanquished.

Grand Total: 90 creatures vanquished

Notes
Turn   | Place    | Note
-------+----------+-------------------------------------------
     0 | D:1      | VictoriousLee the Felid Summoner began the quest for the
                  | Orb.
     0 | D:1      | Reached XP level 1. HP: 7/7 MP: 4/4
  1081 | D:1      | Reached XP level 2. HP: 11/11 MP: 3/6
  1203 | D:1      | Found a faded altar of an unknown god.
  1341 | D:1      | Learned a level 2 spell: Call Imp
  2332 | D:3      | Reached XP level 3. HP: 14/14 MP: 7/7
  2921 | D:3      | Noticed Robin
  2977 | D:2      | Killed Robin
  3101 | D:3      | Reached XP level 4. HP: 18/18 MP: 1/8
  3106 | D:3      | Learned a level 4 spell: Summon Lightning Spire
  3162 | D:3      | Reached skill level 1 in Unarmed Combat
  4021 | D:4      | Noticed a black bear
  4163 | D:4      | Noticed Blork the orc
  4178 | D:4      | Killed Blork the orc
  4179 | D:4      | Reached skill level 1 in Air Magic
  4179 | D:4      | Reached XP level 5. HP: 21/21 MP: 0/10
  4972 | D:4      | Noticed a necrophage
  4986 | D:4      | Killed a necrophage
  5246 | D:5      | Entered Level 5 of the Dungeon
  5246 | D:5      | Noticed an orc warrior
  5254 | D:5      | HP: 1/21 [orc warrior (18)]
  5755 | D:4      | Killed a black bear
  5756 | D:4      | Gained mutation: You are covered in thick fur. (AC +2)
                  | [Felid growth]
  5756 | D:4      | Reached XP level 6. HP: 16/24 MP: 0/11
  6135 | D:4      | Learned a level 3 spell: Call Canine Familiar
  6150 | D:5      | Found an ancient bone altar of Kikubaaqudgha.
  6486 | D:5      | Reached skill level 5 in Summonings
  6929 | D:5      | Gained mutation: You are agile. (Dex +2) [potion of
                  | mutation]
  6930 | D:5      | Identified 2 scrolls of acquirement
  6930 | D:5      | Acquired a book of the Spheres
  6930 | D:5      | Slain by a killer bee
  6931 | D:5      | Reached XP level 5. HP: -5/21 MP: 6/10
  6995 | D:5      | Noticed a centaur
  7023 | D:5      | HP: 1/21 [centaur/arrow (10)]
  7033 | D:5      | Shot with an arrow by a centaur

Illustrated notes

Levels and vault maps discovered:
D:1:      dpeg_arrival_simpleton_c, layout_basic, basic_ecumenical_altar,
          minmay_misc_feat_room, minmay_unequal
D:2:      layout_basic
D:3:      layout_loops_corners, chequers_serial_rivers_small_3,
          minmay_misc_feat_alley, grunt_ministairs_2, uniq_robin
D:4:      layout_loops_cross, uniq_blork_the_orc
D:5:      layout_basic, mainiacjoe_overflow_cross_hatched,
          kennysheep_generic_room_10

Skill      XL: |  1  2  3  4  5  6 |
---------------+-------------------+-----
Stealth        | 3 4 |  4.4
Unarmed Combat | 1 |  1.0
Air Magic      | 1 4 |  4.0
Summonings     | 5 |  5.4
Spellcasting   | 3 |  3.0
Dodging        | |  2.6

Action                   |  1- 3 |  4- 6 || total
-------------------------+-------+-------++-------
Melee: Unarmed           |    62 |    75 ||   137
       Bite              |     6 |     7 ||    13
 Cast: Summon Small Mamm |    32 |     4 ||    36
       Call Imp          |    26 |    80 ||   106
       Call Canine Famil |       |    10 ||    10
  Use: Potion            |     1 |     3 ||     4
       Scroll            |       |     5 ||     5
 Stab: Distracted        |     3 |     1 ||     4
       Sleeping          |     4 |     3 ||     7
Armor: Skin              |     2 |     7 ||     9
Dodge: Dodged            |    35 |    90 ||   125
Block: Other             |    10 |    23 ||    33
       Reflection        |       |     1 ||     1
